 Dungeon Crawl Stone Soup version 0.32-a0-814-g0968bab981 (webtiles) character file.

Game seed: 2911763420459887420

72 Descartes the Chopper (level 4, -4/40 HPs)
             Began as a Mountain Dwarf Chaos Knight on Mar 22, 2024.
             Was a Plaything of Xom.
             Slain by a gnoll
             ... wielding a +0 flail
              (8 damage)
             ... on level 2 of the Dungeon.
             The game lasted 00:01:35 (1145 turns).

Descartes the Chopper (Mountain Dwarf Chaos Knight) Turns: 1145, Time: 00:01:36

Health: -4/40      AC:  5    Str: 16    XL:     4   Next: 7%
Magic:  4/4        EV: 10    Int: 13    God:    Xom [.*....]
Gold:   95         SH:  0    Dex:  9    Spells: 3/3 levels left

rFire   . . .        a - +0 hand axe (chaos)
rCold   . . .        (no shield)
rNeg    . . .        b - +2 leather armour
rPois   .            (no helmet)
rElec   .            (no cloak)
rCorr   .            (no gloves)
SInv    .            (no boots)
Will    .....        d - amulet of faith
Stlth   +            (no ring)
HPRegen 0.26/turn    (no ring)
MPRegen 0.09/turn

%: faith
@: no status effects
A: runic magic, artefact enchanting
a: Renounce Religion


You were on level 2 of the Dungeon.
You worshipped Xom.
You were a plaything of Xom.
You visited 1 branch of the dungeon, and saw 2 of its levels.

You collected 95 gold pieces.

Inventory:

Hand Weapons
 a - a +0 hand axe of chaos (weapon)
Missiles
 i - 2 javelins (quivered)
 j - 2 poisoned darts
 k - 4 boomerangs
Armour
 b - a +2 leather armour (worn)
Jewellery
 d - an amulet of faith (around neck)
Scrolls
 c - a scroll of butterflies
 g - a scroll of blinking {unknown}
Potions
 f - a potion of heal wounds {unknown}
 h - a potion of attraction
 l - a potion of curing


   Skills:
 + Level 3.9 Fighting
 + Level 4.4 Axes
 + Level 3.0 Armour
 + Level 1.4 Dodging


You had 3 spell levels left.
You didn't know any spells.
Your spell library was empty.

Dungeon Overview and Level Annotations

Branches:
Dungeon (2/15)

Altars:


Innate Abilities, Weirdness & Mutations

Your spellcasting is much less encumbered by armour.
You can use scrolls of enchantment on lesser artefacts.


Message History

The gnoll is severely wounded.
You barely miss the gnoll.
The gnoll is severely wounded.
The gnoll hits you with a +0 spear.
You barely miss the gnoll.
The gnoll is severely wounded.
Unknown command.
You barely miss the gnoll.
The gnoll is severely wounded.
The gnoll hits you with a +0 spear.
* * * LOW HITPOINT WARNING * * *
Unknown command.
You hit the gnoll.
You feel better.
You kill the gnoll!
You have reached level 4!
You feel clever.
You hit the gnoll.
The gnoll is poisoned.
The gnoll is moderately wounded.
The gnoll hits you with a +0 flail.
You closely miss the gnoll.
The gnoll is moderately wounded.
The gnoll hits you but does no damage.
Unknown command.
You hit the gnoll.
You feel better.
The gnoll is heavily wounded.
The gnoll hits you with a +0 flail!
* * * LOW HITPOINT WARNING * * *
Unknown command.
You barely miss the gnoll.
The gnoll is severely wounded.
The gnoll closely misses you.
You barely miss the gnoll.
The gnoll is severely wounded.
The gnoll hits you with a +0 flail.
* * * LOW HITPOINT WARNING * * *
Unknown command.
You hit the gnoll.
The gnoll is almost dead.
The gnoll hits you with a +0 flail!
You die...

.. .. #. #. #
#. ###g# #.
§§.
#.####.######
#..§@g)§.....
######§######
§§# #.# .# ..
#. .


You could see a gnoll (poisoned).

Vanquished Creatures
  An adder (D:2)
  3 gnolls (D:2)
  2 bats
  3 endoplasms (D:1)
  2 giant cockroaches (D:1)
  7 goblins
  3 hobgoblins
  3 jackals (D:1)
  2 kobolds (D:1)
  3 frilled lizards (D:1)
  2 rats (D:1)
31 creatures vanquished.

Notes
Turn   | Place    | Note
-------+----------+-------------------------------------------
     0 | D:1      | Descartes the Mountain Dwarf Chaos Knight began the quest
                  | for the Orb.
     0 | D:1      | Reached XP level 1. HP: 19/19 MP: 1/1
   123 | D:1      | Reached XP level 2. HP: 23/26 MP: 2/2
   174 | D:1      | XOM: silly message
   225 | D:1      | Reached skill level 1 in Dodging
   238 | D:1      | XOM: silly message
   274 | D:1      | Found a faded altar of an unknown god.
   359 | D:1      | Reached skill level 4 in Axes
   841 | D:1      | Reached XP level 3. HP: 28/31 MP: 3/3
   848 | D:1      | XOM: noise
   940 | D:1      | XOM: god gift: silvery potion {god gift}
   977 | D:2      | XOM: noise
  1110 | D:2      | XOM: 1-stop teleportation journey
  1128 | D:2      | XOM: fog
  1140 | D:2      | Reached XP level 4. HP: 16/40 MP: 4/4
  1145 | D:2      | Slain by a gnoll

Illustrated notes

Levels and vault maps discovered:
D:1:      sevenhm_arrival_forest_fort_small_4, layout_basic,
          basic_ecumenical_altar
D:2:      layout_basic, basic_altar, uniq_robin

Skill      XL: |  1  2  3 |
---------------+----------+-----
Dodging        | 1 |  1.4
Axes           | 4 |  4.4
Armour         | 3 |  3.0
Fighting       | |  3.9

Action                     |  1- 3 |  4- 6 || total
---------------------------+-------+-------++-------
  Melee: Hand axe          |   111 |     6 ||   117
    Use: Scroll            |     2 |       ||     2
 Armour: Leather armour    |    80 |     5 ||    85
  Dodge: Dodged            |    70 |     1 ||    71

Table legend: (Time is in decaauts)
 A = Elapsed time spent in this place.
 B = Non-inter-level travel time spent in this place.
 C = Inter-level travel time spent in this place.
 D = Time resting spent in this place.
 E = Time spent auto-exploring this place.
 F = Levels seen in this place.
 G = Mean time per level.
                   A        B        C        D        E       F      G
               +--------+--------+--------+--------+--------+-----+--------+
         Total |   1162 |   1154 |      8 |      0 |    917 |   2 |  581.0 |
       Dungeon |   1162 |   1154 |      8 |      0 |    917 |   2 |  581.0 |
               +--------+--------+--------+--------+--------+-----+--------+

Top non-repeatable levels by time:
     D:1: 991 daAuts
     D:2: 171 daAuts
